 Dungeon Crawl Stone Soup version 0.30-a0-571-gdf30a72648 (webtiles) character file.

Game seed: 11318211517336214518

294651 wormed the Unseen (level 20, -1/106 HPs)
             Began as a Spriggan Hunter on Dec 29, 2022.
             Was the Champion of Okawaru.
             Slain by a +6 glaive of freezing (2 damage)
             ... animated by Zenata
             ... on level 2 of the Elven Halls.
             The game lasted 01:28:32 (34808 turns).

wormed the Unseen (Spriggan Hunter)                Turns: 34808, Time: 01:28:33

Health: -1/106     AC: 10    Str: 17    XL:     20   Next: 4%
Magic:  0/33       EV: 53    Int: 15    God:    Okawaru [******]
Gold:   3745       SH: 15    Dex: 38    Spells: 23/35 levels left

rFire   + + +      SeeInvis +    K - +6 hand crossbow (flame)
rCold   + + .      Faith    .    j - +3 warlock's mirror {reflect}
rNeg    + + +      Spirit   +    v - +2 robe of Sophism {Rampage rC++ rN+++ Int-5}
rPois   .          Reflect  +    s - +5 hat of Theory {rN+ Int+2 Dex+2}
rElec   .          Harm     .    w - +0 cloak of Hedging {+Blink Str+4 Dex+7}
rCorr   +          Rampage  +    (gloves unavailable)
Will    +++++                    (boots unavailable)
Stlth   ++++++++++               b - amulet of Hokoy {Spirit Fragile rF+++ Will++}
HPRegen 0.37/turn                H - ring of Epodikke {EV+5 Str+6}
MPRegen 0.23/turn                e - ring "Wusidaru" {rCorr Int+6 Dex+3 Slay+2 Stlth+}

@: lethally poisoned (-1 -> -53), studying Ranged Weapons, very quick
A: very small, no large weapons, unfitting armour, see invisible, speed 3
}: 2/15 runes: decaying, gossamer
a: Renounce Religion, Evoke Blink, Heroism, Finesse, Duel


You were on level 2 of the Elven Halls.
You worshipped Okawaru.
Okawaru was exalted by your worship.
You visited 7 branches of the dungeon, and saw 33 of its levels.
You also visited: Trove, Sewer, Ossuary, Gauntlet, Ice Cave and Volcano.

You collected 4341 gold pieces.
You spent 596 gold pieces at shops.

Inventory:

Hand Weapons
 K - a +6 hand crossbow of flaming (weapon)
Armour
 j - the +3 warlock's mirror (worn) {reflect}
   (Okawaru gifted it to you on level 15 of the Dungeon)

   It can block and reflect piercing ranged attacks and magical attacks against
   the wielder's willpower.
 s - the +5 hat of Theory (worn) {rN+ Int+2 Dex+2}
   (Okawaru gifted it to you on level 3 of the Lair of Beasts)

   Int:       It affects your intelligence (+2).
   Dex:       It affects your dexterity (+2).
   rN:        It protects you from negative energy.
 v - the +2 robe of Sophism (worn) {Rampage rC++ rN+++ Int-5}
   (Okawaru gifted it to you on level 9 of the Dungeon)

   Int:       It affects your intelligence (-5).
   rC:        It greatly protects you from cold.
   rN:        It renders you almost immune to negative energy.
   Rampage:   It bestows one free step when moving towards enemies.
 w - the +0 cloak of Hedging (worn) {+Blink Str+4 Dex+7}
   (You found it on level 7 of the Dungeon)

   Str:       It affects your strength (+4).
   Dex:       It affects your dexterity (+7).
   +Blink:    It lets you blink.
Jewellery
 b - the amulet of Hokoy (around neck) {Spirit Fragile rF+++ Will++}
   (You acquired it on level 13 of the Dungeon)

   [amulet of guardian spirit]

   It causes incoming damage to be divided between your reserves of health and
   magic.
   rF:        It renders you almost immune to fire.
   Fragile:   It will be destroyed if unequipped.
   Will:      It greatly increases your willpower.
 e - the ring "Wusidaru" (right hand) {rCorr Int+6 Dex+3 Slay+2 Stlth+}
   (You found it in a Gauntlet)

   [ring of intelligence]

   Int:       It affects your intelligence (+6).
   Dex:       It affects your dexterity (+3).
   Slay:      It affects your accuracy & damage with ranged weapons and melee
   (+2).
   rCorr:     It protects you from acid and corrosion.
   Stlth:     It makes you more stealthy.
 z - a ring of protection from cold
 H - the ring of Epodikke (left hand) {EV+5 Str+6}
   (You found it in a Gauntlet)

   [ring of evasion]

   EV:        It affects your evasion (+5).
   Str:       It affects your strength (+6).
 M - a ring of flight
 R - a ring of willpower
Wands
 c - a wand of polymorph (14)
 r - a wand of light (19)
 t - a wand of roots (38)
 x - a wand of paralysis (44)
 B - a wand of mindburst (12)
 I - a wand of flame (58)
 N - a wand of digging (4)
Scrolls
 a - 6 scrolls of fear
 d - 9 scrolls of magic mapping
 f - 14 scrolls of teleportation
 h - 3 scrolls of poison
 k - 6 scrolls of fog
 l - a scroll of acquirement
 y - 2 scrolls of blinking
 C - 2 scrolls of brand weapon
 D - 6 scrolls of amnesia
 Q - 2 scrolls of silence
 S - 2 scrolls of enchant armour
 T - a scroll of immolation
Potions
 g - 6 potions of flight
 i - 6 potions of brilliance
 m - 9 potions of curing
 n - 7 potions of ambrosia
 o - 4 potions of resistance
 p - 5 potions of heal wounds
 q - 6 potions of haste
 u - 2 potions of berserk rage
 A - 3 potions of mutation
 E - 4 potions of lignification
 G - 6 potions of might
 J - 3 potions of invisibility
 L - 3 potions of cancellation
 O - 5 potions of magic
Miscellaneous
 F - a tin of tremorstones (2/2)
 P - a lightning rod (4/4)


   Skills:
 + Level 11.9 Fighting
 + Level 19.4 Ranged Weapons
 + Level 17.9 Dodging
 + Level 20.7 Stealth
 + Level 8.3 Shields
 - Level 8.0 Spellcasting
 - Level 16.0 Translocations
 - Level 11.0 Invocations
 - Level 11.0 Evocations


You had 23 spell levels left.
You knew the following spells:

 Your Spells              Type           Power      Damage    Failure   Level
a - Blink                 Tloc           100%       N/A       1%          2
b - Dispersal             Tloc           26%        N/A       4%          6
c - Passage of Golubria   Tloc           52%        N/A       1%          4

Your spell library contained the following spells:

 Spells                   Type           Power      Damage    Failure   Level
 Momentum Strike          Conj/Tloc      60%        3d9       1%          2
 Manifold Assault         Tloc           52%        N/A       1%          4
 Iskenderun's Mystic Bla  Conj/Tloc      30%        2d8       8%          4
 Foxfire                  Conj/Fire      24%        2x1d5     21%         1
 Kiss of Death            Conj/Necr      24%        2d7       21%         1
 Necrotise                Necr           24%        1d5       21%         1
 Shock                    Conj/Air       24%        1d4       21%         1
 Sting                    Tmut/Pois      24%        1d4       21%         1
 Ensorcelled Hibernation  Hex/Ice        12%        N/A       30%         2
 Passwall                 Tmut/Erth      5%         N/A       30%         2
 Poisonous Vapours        Pois/Air       12%        N/A       30%         2
 Sublimation of Blood     Necr           6%         N/A       30%         2
 Wereblood                Tmut           6%         N/A       30%         2
 Confusing Touch          Hex            6%         N/A       52%         3
 Dazzling Flash           Conj/Hex       12%        N/A       52%         3
 Inner Flame              Hex/Fire       6%         N/A       52%         3
 Ozocubu's Armour         Ice            6%         N/A       52%         3
 Swiftness                Air            6%         N/A       52%         3
 Vampiric Draining        Necr           6%         2d6       52%         3
 Disjunction              Tloc           26%        N/A       88%         8
 Airstrike                Air            3%         2d(1-17)  90%         4
 Dispel Undead            Necr           6%         3d8       90%         4
 Flame Wave               Conj/Fire      6%         2d5       90%         4
 Fulminant Prism          Conj/Hex       3%         3d5       90%         4
 Leda's Liquefaction      Hex/Erth       3%         N/A       90%         4
 Olgreb's Toxic Radiance  Pois           6%         N/A       90%         4
 Sticky Flame             Conj/Fire      6%         2d3       90%         4
 Agony                    Necr           6%         N/A       99%         5
 Blade Hands              Tmut           3%         N/A       99%         5
 Borgnjor's Vile Clutch   Necr/Erth      3%         N/A       99%         5
 Fireball                 Conj/Fire      3%         3d4       99%         5
 Irradiate                Conj/Tmut      3%         3d12      99%         5
 Lee's Rapid Deconstruct  Erth           3%         3d5*      99%         5
 Metabolic Englaciation   Hex/Ice        3%         N/A       99%         5
 Silence                  Hex/Air        3%         N/A       99%         5
 Yara's Violent Unravell  Hex/Tmut       3%         3d4       99%         5
 Starburst                Conj/Fire      3%         6d3       100%        6
 Statue Form              Tmut/Erth      4%         N/A       100%        6
 Dragon Form              Tmut           3%         N/A       100%        7
 Enfeeble                 Hex            3%         N/A       100%        7
 Orb of Destruction       Conj           3%         9d5       100%        7
 Ozocubu's Refrigeration  Ice            3%         4d8       100%        7
 Storm Form               Tmut/Air       3%         N/A       100%        7
 Ignition                 Fire           3%         3d4       100%        8
 Maxwell's Capacitive Co  Air            3%         ∞         100%        8
 Summon Forest            Summ/Tloc      Unusable   N/A       N/A         5
 Summon Guardian Golem    Hex/Summ       Unusable   N/A       N/A         3
 Tukima's Dance           Hex            Unusable   N/A       N/A         3
 Animate Dead             Necr           Unusable   N/A       N/A         4
 Summon Lightning Spire   Summ/Air       Unusable   N/A       N/A         4
 Death Channel            Necr           Unusable   N/A       N/A         6
 Spellforged Servitor     Conj/Summ      Unusable   N/A       N/A         7
 Summon Hydra             Summ           Unusable   N/A       N/A         7

Dungeon Overview and Level Annotations

Branches:
Dungeon (15/15)            Temple (1/1) D:4            Lair (5/5) D:11
  Swamp (4/4) Lair:2       Spider (4/4) Lair:2        Slime (0/5) Lair:4
    Orc (2/2) D:12            Elf (2/3) Orc:2        Vaults (0/5) D:13
 Depths (0/4) D:15          Sewer (visited)         Ossuary (visited)
  IceCv (visited)         Volcano (visited)         Gauntlet (visited)

Altars:
Ashenzari
Cheibriados
Dithmenos
Elyvilon
Fedhas
Gozag
Hepliaklqana
Kikubaaqudgha
Makhleb
Nemelex Xobeh
Okawaru
Qazlal
Ru
Sif Muna
Trog
Uskayaw
Vehumet
Wu Jian
Xom
Yredelemnul
Zin
The Shining One
Jiyva

Shops:
D:2 :   D:3 (   D:9 [[([   D:12 [   D:15 (   Orc:1 **?*   Orc:2 *:[?   Elf:1 :
Swamp:1 *

Annotations:
D:9 6 runed translucent doors
Elf:2 Zenata


Innate Abilities, Weirdness & Mutations

You are very small and have problems with some larger weapons.
You are too small for most types of armour.
You have supernaturally acute eyesight. (SInv)
You cover ground extremely quickly. (Speed+++)


Message History

The +1 heavy trident completely misses you.
The +6 glaive of freezing completely misses you.
The +6 glaive of venom completely misses you.
Casting: Blink (safe; 1% risk of failure)
Confirm with . or Enter, or press ? or * to list all spells.
Casting: Dispersal (dangerous; 4% risk of failure)
Press: ? - help, Dir - look around, f - activate The +8 short sword of electrocution blinks!
The +1 heavy trident blinks!
The +6 glaive of venom blinks!
The +6 glaive of freezing blinks!
The +8 short sword of electrocution blinks!
Zenata blinks!
You feel very sick.
You block the +8 short sword of electrocution's attack.
Blink to where?
Press: ? - help, Dir - move target
As you read the scroll of blinking, it crumbles to dust.
You feel very sick.
You feel very sick.
You block the +1 heavy trident's attack.
You feel sick.
You block the +8 short sword of electrocution's attack.
The +8 short sword of electrocution completely misses you.
You feel sick.
You block the +6 glaive of venom's attack.
The +8 short sword of electrocution hits you!
* * * LOW HITPOINT WARNING * * *
You block the +1 heavy trident's attack.
You feel much better.
You feel very sick.
The +8 short sword of electrocution completely misses you.
You block the +8 short sword of electrocution's attack.
The +6 glaive of venom hits you from afar!!
* * * LOW HITPOINT WARNING * * *
You are more poisoned.
The +1 heavy trident completely misses you.
You block the +8 short sword of electrocution's attack.
You block the +6 glaive of venom's attack.
The +6 glaive of freezing hits you from afar.
You die...

#.......'....≈≈#≈≈....
#.......'...≈≈###≈≈...
#.......'....≈≈#≈≈....
##......'##.).≈≈≈...##
##.....###....≈....#
##.....# #.........#
##......# ####...####
#......## #...#
#....@## ########
##...(.####.##
##..(((##.§.##..
#...).)...a......
#...........§.....
#......#......a....
##...)###.........#
##..## ##).......# #..
..........


You could see 4 dancing weapons.

Vanquished Creatures
  Bai Suzhen (Spider:3)
  Arachne (Spider:2)
  Mlioglotl (Arena)
  Jorgrun (Swamp:3)
  Rupert (Lair:4)
  A deep elf master archer (Elf:1)
  A thorn hunter (Swamp:4)
  Agnes (Spider:2)
  Donald (Swamp:2)
  A rockslime (IceCv)
  Roxanne (Spider:1)
  3 azure jellies (IceCv)
  A deep elf sorcerer (Elf:1)
  5 emperor scorpions
  2 fenstrider witches
  4 ghost moths
  3 broodmothers
  5 quicksilver oozes (IceCv)
  A stone giant (Volcano)
  A juggernaut skeleton (D:15)
  An eleionoma (Swamp:2)
  5 bunyips
  An entropy weaver (Spider:4)
  The ghost of bmack86 the Cleaver, a journeyman MiFi of Okawaru (Lair:1)
  2 shambling mangroves
  A jorogumo (Spider:4)
  4 vault guards (D:13)
  21 hydras
  A hell beast (Gauntlet)
  A radroach (Spider:1)
  A rakshasa (D:15)
  A catoblepas (Lair:5)
  6 boulder beetles
  11 dancing weapons
  10 two-headed ogres
  8 alligators
  A tengu warrior (D:15)
  12 death yaks
  3 centaur warriors
  The ghost of Puggon the Stormcaller, a journeyman TeAE of Ashenzari (Lair:1)
  9 orc high priests
  9 deep elf knights
  7 skeletal warriors
  A sun moth (Spider:4)
  2 pharaoh ants
  3 steelbarb worms (Spider:1)
  2 spriggan druids (Swamp:4)
  5 goliath frogs
  2 storm dragon skeletons (D:15)
  A swamp dragon (shapeshifter) (Elf:2)
  8 swamp dragons
  15 orb spiders
  2 wizards
  Pikel (D:6)
  A flayed ghost (D:15)
  2 spriggan simulacra (D:14)
  15 bog bodies
  3 orange crystal statues
  6 deep elf archers
  24 deep elf pyromancers
  12 deep elf zephyrmancers
  A necromancer (D:15)
  3 orc sorcerers
  A fire giant zombie (D:15)
  2 orc knights (Orc:2)
  18 wolf spiders
  7 ugly things
  6 cyclopes
  2 manticores
  2 will-o-the-wisps
  Joseph (D:9)
  Maurice (D:13)
  A gargoyle (Volcano)
  22 cane toads
  2 demonic crawlers
  9 black mambas
  7 torpor snails
  4 rime drakes
  5 kobold demonologists
  11 komodo dragons
  Maggie (D:6)
  Psyche (D:9)
  A freezing wraith (D:15)
  A yaktaur (D:12)
  6 efreet
  6 tyrant leeches
  11 trolls
  2 bloated husks
  A queen bee (D:8)
  19 tarantellas
  10 hornets
  11 polar bears
  10 blink frogs
  22 dream sheep
  33 slime creatures
  28 jumping spiders
  Sigmund (D:2)
  4 air elementals
  6 shadows
  22 culicivoras
  2 water elementals
  4 wraiths
  5 wyverns
  51 yaks
  59 redbacks
  7 fire bats (Volcano)
  5 basilisks
  Eustachio (D:6)
  3 fire elementals
  11 vampire mosquitoes
  2 steam dragons
  15 wargs
  20 swamp worms
  Menkaure (D:7)
  2 harpy simulacra (D:14)
  19 water moccasins
  22 hell hounds
  4 great orb of eyes simulacra (IceCv)
  18 orc warriors
  2 ice beasts
  6 swamp drakes (Swamp:4)
  An alligator simulacrum (D:14)
  13 black bears
  5 boggarts (D:14)
  5 ogres
  14 wolves
  4 centaurs
  The ghost of billz999 the Magician, an amateur DjIE (D:3)
  3 lemures (D:6)
  3 slime creature simulacra (IceCv)
  3 phantoms
  4 kobold brigands
  An elf zombie (Ossuary)
  2 necrophages (D:6)
  12 bullfrogs
  2 earth elementals (Volcano)
  2 gnoll sergeants (D:11)
  5 glowing shapeshifter simulacra (IceCv)
  3 scorpions
  2 deep troll simulacra (D:14)
  22 wights
  A lindwurm simulacrum (D:14)
  22 killer bees
  An electric eel (D:7)
  4 howler monkeys
  5 lava snakes (Volcano)
  2 centaur zombies (D:8)
  A human zombie (Ossuary)
  5 jellies
  2 gnoll boudas (D:7)
  34 orc priests
  9 hounds
  Jessica (D:3)
  Terence (D:3)
  3 iguanas
  27 orc wizards
  4 hell rats (Lair:4)
  4 mummies (Ossuary)
  12 gnolls
  6 adders
  2 river rats (Sewer)
  A white imp (D:5)
  An adder zombie (Ossuary)
  3 worms
  4 dart slugs
  126 orcs
  13 ball pythons
  21 endoplasms
  10 giant cockroaches
  A gnoll zombie (Ossuary)
  6 goblins
  7 hobgoblins
  27 kobolds
  3 quokkas (D:1)
  7 bats
  7 frilled lizards
  2 goblin zombies (Ossuary)
  2 jackal zombies (Ossuary)
  A kobold zombie (Ossuary)
  2 orc zombies (Ossuary)
  17 rats
  A rat zombie (Ossuary)
  A butterfly (D:4)
1334 creatures vanquished.

Vanquished Creatures (others)
  An orc priest (Orc:2)
  3 demonic plants (Gauntlet)
  3 foxfires (Swamp:2)
  42 fungi
  75 plants
  4 withered plants (D:15)
128 creatures vanquished.

Grand Total: 1462 creatures vanquished

Notes
Turn   | Place    | Note
-------+----------+-------------------------------------------
     0 | D:1      | wormed the Spriggan Hunter began the quest for the Orb.
     0 | D:1      | Reached XP level 1. HP: 10/10 MP: 2/2
    69 | D:1      | Found a large runed translucent door.
    69 | D:1      | Found a large runed translucent door.
    70 | D:1      | Noticed a troll
   251 | D:1      | Reached skill level 2 in Stealth
   256 | D:1      | Reached XP level 2. HP: 15/15 MP: 3/3
  1008 | D:1      | Reached XP level 3. HP: 18/18 MP: 4/4
  1333 | D:1      | Killed a troll
  1334 | D:1      | Reached skill level 5 in Ranged Weapons
  1334 | D:1      | Reached skill level 4 in Stealth
  1334 | D:1      | Reached XP level 4. HP: 23/23 MP: 5/5
  1334 | D:1      | Reached XP level 5. HP: 27/27 MP: 6/6
  1378 | D:2      | Found Xelakh's Book Shop.
  1520 | D:2      | Reached XP level 6. HP: 32/32 MP: 7/7
  1563 | D:2      | Noticed Sigmund
  1570 | D:2      | Killed Sigmund
  1571 | D:2      | Reached skill level 5 in Stealth
  2122 | D:3      | Noticed Jessica
  2127 | D:3      | Killed Jessica
  2171 | D:3      | Found a burning altar of Makhleb.
  2189 | D:3      | Found a bloodstained altar of Trog.
  2273 | D:3      | Noticed Terence
  2281 | D:3      | Killed Terence
  2282 | D:3      | Reached skill level 5 in Dodging
  2510 | D:3      | Found a runed translucent door.
  2513 | D:3      | Found Naskouw's Weapon Shop.
  2514 | D:3      | Noticed billz999's ghost (amateur DjIE)
  2541 | D:3      | Found a broken altar of Ashenzari.
  2764 | D:3      | Found a glowing drain.
  2784 | Sewer    | Entered a sewer
  2810 | Sewer    | Reached XP level 7. HP: 36/36 MP: 8/8
  2973 | Sewer    | Found a viscous altar of Jiyva.
  3159 | D:3      | Found a faded altar of an unknown god.
  3358 | D:3      | Killed billz999's ghost
  3359 | D:3      | Reached skill level 6 in Stealth
  3462 | D:4      | Found a staircase to the Ecumenical Temple.
  3514 | Temple   | Entered the Ecumenical Temple
  3593 | Temple   | Became a worshipper of Warmaster Okawaru
  3852 | D:4      | Reached XP level 8. HP: 32/42 MP: 9/9
  4127 | D:4      | Reached skill level 7 in Stealth
  4415 | D:5      | Entered Level 5 of the Dungeon
  4608 | D:5      | Reached * piety under Okawaru
  5331 | D:5      | Reached skill level 8 in Stealth
  5705 | D:6      | Reached XP level 9. HP: 46/46 MP: 10/10
  5715 | D:6      | Noticed Eustachio
  5757 | D:6      | Killed Eustachio
  5757 | D:6      | Reached ** piety under Okawaru
  5879 | D:6      | Found a runed translucent door.
  5891 | D:6      | Noticed Pikel
  6035 | D:6      | Killed Pikel
  6036 | D:6      | Reached skill level 5 in Fighting
  6036 | D:6      | Reached skill level 9 in Stealth
  6536 | D:6      | Noticed Maggie
  6704 | D:6      | Reached *** piety under Okawaru
  6722 | D:6      | Reached skill level 10 in Stealth
  6936 | D:6      | Killed Maggie
  6936 | D:6      | Received a gift from Okawaru
  6937 | D:6      | Reached skill level 10 in Ranged Weapons
  6976 | D:6      | Reached XP level 10. HP: 51/51 MP: 11/11
  8050 | D:7      | Reached **** piety under Okawaru
  8176 | D:7      | Found a blossoming altar of Fedhas.
  8250 | D:7      | Identified the +0 cloak of Hedging {+Blink Str+4 Dex+7}
  8255 | D:7      | Noticed Menkaure
  8258 | D:7      | Killed Menkaure
  8259 | D:7      | Reached skill level 11 in Stealth
  8844 | D:8      | Reached skill level 10 in Dodging
  8895 | D:8      | Found a sand-covered staircase.
  8904 | Ossuary  | Entered an ossuary
  9161 | D:8      | Identified the +7 flail of Fate {drain, Fly rElec rF++
                  | Will-}
  9189 | D:8      | Reached ***** piety under Okawaru
  9218 | D:8      | Paralysed by a hornet for 2 turns
  9253 | D:8      | Identified the +6 shortbow of Qimoguhu {antimagic, rPois
                  | rC- Int+4} (Okawaru gifted it to you on level 8 of the
                  | Dungeon)
  9253 | D:8      | Received a gift from Okawaru
  9298 | D:8      | Reached XP level 11. HP: 58/58 MP: 12/12
  9414 | D:7      | Reached skill level 12 in Stealth
  9737 | D:8      | Found a basalt altar of Yredelemnul.
  9957 | D:9      | Found Plog's Weapon Boutique.
 10022 | D:9      | Found Ahidony's Armour Shop.
 10030 | D:9      | Noticed a two-headed ogre
 10054 | D:9      | Killed a two-headed ogre
 10092 | D:9      | Found Doimin's Antique Armour Shoppe.
 10100 | D:9      | Bought a distressingly furry robe for 148 gold pieces
 10100 | D:9      | Identified the +2 robe "Okosik" {rC- rN+++} (You bought it
                  | in a shop on level 9 of the Dungeon)
 10108 | D:9      | Noticed Joseph
 10113 | D:9      | Killed Joseph
 10197 | D:9      | Noticed Psyche
 10201 | D:9      | Killed Psyche
 10372 | D:9      | Found Nidgh's Antique Armour Shop.
 10453 | D:9      | Found a glowing golden altar of the Shining One.
 10541 | D:9      | Found a runed translucent door.
 10566 | D:9      | Identified the +2 robe of Sophism {Rampage rC++ rN+++
                  | Int-5} (Okawaru gifted it to you on level 9 of the Dungeon)
 10566 | D:9      | Received a gift from Okawaru
 10678 | D:9      | Found a runed translucent gate.
 10679 | D:9      | Noticed a boulder beetle
 10680 | D:9      | Found a runed translucent gate.
 10691 | D:9      | Found a runed translucent gate.
 10691 | D:9      | Found a runed translucent gate.
 10691 | D:9      | Found a runed translucent gate.
 10691 | D:9      | Noticed a boulder beetle
 10691 | D:9      | Noticed a lindwurm
 10692 | D:9      | Found a runed translucent gate.
 10872 | D:10     | Entered Level 10 of the Dungeon
 10900 | D:10     | Noticed an orange crystal statue
 10904 | D:10     | Killed an orange crystal statue
 10909 | D:10     | Reached skill level 13 in Stealth
 11323 | D:10     | Found a sacrificial altar of Ru.
 11396 | D:10     | Found a white marble altar of Elyvilon.
 11733 | D:11     | Found a staircase to the Lair.
 12062 | D:11     | Noticed a two-headed ogre
 12064 | D:11     | Noticed a green ugly thing
 12096 | D:11     | Killed a green ugly thing
 12099 | D:11     | Killed a two-headed ogre
 12100 | D:11     | Reached XP level 12. HP: 27/64 MP: 13/13
 12351 | D:11     | Noticed a centaur warrior
 12353 | D:11     | Killed a centaur warrior
 12354 | D:11     | Noticed a two-headed ogre
 12368 | D:11     | Killed a two-headed ogre
 12426 | D:11     | Noticed a boulder beetle
 12437 | D:11     | Killed a boulder beetle
 12438 | D:11     | Reached skill level 14 in Stealth
 12466 | D:11     | Noticed a boulder beetle
 12470 | D:11     | Killed a boulder beetle
 12475 | D:11     | Noticed a boulder beetle
 12477 | D:11     | Received a gift from Okawaru
 12488 | D:11     | Killed a boulder beetle
 12585 | D:11     | Noticed a two-headed ogre
 12587 | D:11     | Killed a two-headed ogre
 12611 | D:11     | Noticed a two-headed ogre
 12620 | D:11     | Killed a two-headed ogre
 12634 | D:11     | Noticed a two-headed ogre
 12653 | D:11     | Killed a two-headed ogre
 12807 | D:11     | Identified the +1 pair of gloves "Diomui Foba" {Rampage
                  | rElec rCorr Str-4}
 12856 | D:12     | Found a staircase to the Orcish Mines.
 12856 | D:12     | Noticed a two-headed ogre
 12860 | D:12     | Killed a two-headed ogre
 12861 | D:12     | Reached skill level 15 in Stealth
 12874 | D:12     | Found Naem's Armour Shop.
 13026 | D:12     | Found an opulent altar of Gozag.
 13043 | D:12     | Reached ****** piety under Okawaru
 13154 | D:12     | Noticed a two-headed ogre
 13158 | D:12     | Killed a two-headed ogre
 13177 | D:12     | Reached XP level 13. HP: 69/69 MP: 14/14
 13201 | D:12     | Found a gate leading to a gauntlet.
 13210 | Gauntlet | Entered a Gauntlet
 13210 | Gauntlet | Found a transporter.
 13213 | Gauntlet | Found a transporter.
 13227 | Gauntlet | Found a runed translucent gate.
 13229 | Gauntlet | Found a runed translucent gate.
 13230 | Gauntlet | Found a transporter.
 13234 | Gauntlet | Found a transporter.
 13254 | Gauntlet | Found a transporter.
 13264 | Gauntlet | Found a transporter.
 13276 | Gauntlet | Found a large runed translucent door.
 13276 | Gauntlet | Noticed a reaper
 13277 | Gauntlet | Found a large runed translucent door.
 13278 | Gauntlet | Found a large runed translucent door.
 13279 | Gauntlet | Found a runed translucent gate.
 13280 | Gauntlet | Found a transporter.
 13280 | Gauntlet | Found a runed translucent gate.
 13281 | Gauntlet | Found a runed translucent gate.
 13283 | Gauntlet | Found a large runed translucent door.
 13284 | Gauntlet | Found a large runed translucent door.
 13291 | Gauntlet | Found a large runed translucent door.
 13292 | Gauntlet | Found a large runed translucent door.
 13292 | Gauntlet | Found a large runed translucent door.
 13293 | Gauntlet | Found a large runed translucent door.
 13293 | Gauntlet | Found a large runed translucent door.
 13293 | Gauntlet | Found a runed translucent door.
 13293 | Gauntlet | Found a runed translucent door.
 13294 | Gauntlet | Found a large runed translucent door.
 13295 | Gauntlet | Found a large runed translucent door.
 13297 | Gauntlet | Found a transporter.
 13301 | Gauntlet | Found a transporter.
 13309 | Gauntlet | Found a transporter.
 13334 | Gauntlet | Found a large runed translucent door.
 13335 | Gauntlet | Found a large runed translucent door.
 13336 | Gauntlet | Found a large runed translucent door.
 13336 | Gauntlet | Found a large runed translucent door.
 13339 | Gauntlet | Found a transporter.
 13339 | Gauntlet | Found a transporter.
 13368 | Gauntlet | Found a runed translucent gate.
 13623 | Gauntlet | Identified the +1 cloak of Knowledge {Str+5 Int+4}
 13643 | Gauntlet | Identified the ring "Wusidaru" {rCorr Int+6 Dex+3 Slay+2
                  | Stlth+}
 13652 | Gauntlet | Identified the ring of Epodikke {EV+5 Str+6}
 13661 | Gauntlet | Identified the +1 hand crossbow of Dissolution {flame, rN+
                  | Str-4 SInv} (Okawaru gifted it to you in a Gauntlet)
 13661 | Gauntlet | Received a gift from Okawaru
 13693 | Gauntlet | Identified the +6 dagger of Dominance {venom, rElec MP+9}
 13693 | Gauntlet | Identified the +8 shadow dragon scales of Poor Excuses
                  | {rPois Stlth++++}
 13693 | Gauntlet | Identified the ring of the Skies Above {Drain rElec rCorr
                  | Str+3 SInv}
 13693 | Gauntlet | Noticed a minotaur
 13824 | Gauntlet | Got the Incunabulum of the Oath
 14300 | D:12     | Reached skill level 15 in Ranged Weapons
 14621 | Lair:1   | Entered Level 1 of the Lair of Beasts
 14662 | Lair:1   | Found a runed translucent gate.
 14662 | Lair:1   | Found a runed translucent gate.
 14662 | Lair:1   | Found a runed translucent gate.
 14666 | Lair:1   | Noticed bmack86's ghost (journeyman MiFi)
 14666 | Lair:1   | Noticed Puggon's ghost (journeyman TeAE)
 14677 | Lair:1   | Found a dark tunnel.
 14723 | Lair:1   | Reached skill level 16 in Stealth
 15230 | Lair:1   | Killed bmack86's ghost
 15251 | Lair:1   | Killed Puggon's ghost
 15283 | Lair:1   | Identified the +5 great sword of Terrible Tender Mercy
                  | {drain, SInv}
 15312 | Volcano  | Entered a volcano
 15392 | Volcano  | Received a gift from Okawaru
 15488 | Volcano  | Found a bloodstained altar of Trog.
 15524 | Volcano  | Noticed a stone giant
 15531 | Volcano  | Killed a stone giant
 15559 | Volcano  | Found a bloodstained altar of Trog.
 16081 | Lair:2   | Identified the +2 buckler of the Dice {rF+}
 16109 | Lair:2   | Found a staircase to the Swamp.
 16113 | Lair:2   | Found a hole to the Spider Nest.
 16293 | Lair:2   | Reached XP level 14. HP: 75/75 MP: 15/15
 16397 | Lair:3   | Identified the +5 hat of Theory {rN+ Int+2 Dex+2} (Okawaru
                  | gifted it to you on level 3 of the Lair of Beasts)
 16397 | Lair:3   | Received a gift from Okawaru
 16954 | Lair:3   | Found a radiant altar of Vehumet.
 17076 | Lair:3   | Reached XP level 15. HP: 79/79 MP: 16/16
 17140 | Lair:3   | Reached skill level 17 in Stealth
 17226 | Lair:3   | Reached skill level 5 in Shields
 17664 | Lair:4   | Reached skill level 15 in Dodging
 17673 | Lair:4   | Reached skill level 10 in Fighting
 17731 | Lair:4   | Found a staircase to the Slime Pits.
 17731 | Lair:4   | Found a viscous altar of Jiyva.
 18138 | Lair:5   | Entered Level 5 of the Lair of Beasts
 18165 | Lair:5   | Identified the -2 cloak of Action {+Blink Int+3} (Okawaru
                  | gifted it to you on level 5 of the Lair of Beasts)
 18165 | Lair:5   | Received a gift from Okawaru
 18335 | Lair:5   | Noticed Rupert
 18437 | Lair:4   | Killed Rupert
 18438 | Lair:4   | Reached skill level 18 in Stealth
 18611 | Lair:5   | Identified the +8 spear "Dragonbane" {chaos, rC+ Str+3}
 19352 | Lair:5   | Received a gift from Okawaru
 19354 | Lair:5   | Reached XP level 16. HP: 86/86 MP: 17/17
 19361 | Lair:5   | Got Sif Muna's Almanac of the Maledictive Excursion
 19634 | Lair:5   | Reached XP level 17. HP: 90/90 MP: 17/21
 19935 | D:13     | Found a portal to a secret trove of treasure.
 19940 | D:13     | Noticed Maurice
 19944 | D:13     | Killed Maurice
 20119 | D:13     | Found a gate to the Vaults.
 20127 | D:13     | Received a gift from Okawaru
 20137 | D:13     | Reached skill level 19 in Stealth
 20336 | D:13     | Found a faded altar of an unknown god.
 20458 | D:14     | Reached skill level 5 in Invocations
 20574 | D:14     | Reached skill level 5 in Evocations
 20868 | D:14     | Found a frozen archway.
 20891 | IceCv    | Entered an ice cave
 21147 | IceCv    | Received a gift from Okawaru
 21261 | IceCv    | Found a viscous altar of Jiyva.
 21497 | IceCv    | Got the Reference Book on the Iceberg
 21588 | D:13     | You paid a toll of +4 ice dragon scales to enter a treasure
                  | trove
 21589 | Trove    | Entered a treasure trove
 21596 | Trove    | Identified the +2 buckler of Forking Paths {-Tele rElec
                  | rPois rN++ Stlth+}
 21612 | Trove    | Identified the +5 lajatang "Jellybane" {flame, Str+6 Dex+2}
 21650 | D:13     | Identified a scroll of acquirement
 21651 | D:13     | Acquired the amulet of Hokoy {Spirit Fragile rF+++ Will++}
 21696 | D:15     | Entered Level 15 of the Dungeon
 21720 | D:15     | Received a gift from Okawaru
 21720 | D:15     | Found the +3 warlock's mirror {reflect}
 21946 | D:15     | Found a staircase to the Depths.
 22133 | D:15     | Found Raitu's Antique Weapon Shoppe.
 22644 | Orc:1    | Entered Level 1 of the Orcish Mines
 22662 | Orc:1    | Found Ithruwopn's Magic Scroll Boutique.
 22672 | Orc:1    | Found Caeryud's Assorted Antiques.
 22755 | Orc:1    | Found Niniax's Assorted Antiques.
 22902 | Orc:2    | Entered Level 2 of the Orcish Mines
 23046 | Orc:2    | Found a bloodstained altar of Trog.
 23163 | Orc:2    | Found a staircase to the Elven Halls.
 23289 | Orc:2    | Reached skill level 10 in Invocations
 23532 | Orc:2    | Reached skill level 10 in Evocations
 23575 | Orc:2    | Found Ismoz's Book Boutique.
 23607 | Orc:2    | Found Uzoaxalupa's General Store.
 23783 | Orc:2    | Found Maelimne's Magic Scroll Boutique.
 23783 | Orc:2    | Found Dicup's Armour Shoppe.
 24155 | Orc:1    | Found Ytwolost's Assorted Antiques.
 24608 | Spider:1 | Entered Level 1 of the Spider Nest
 24658 | Spider:1 | Reached XP level 18. HP: 95/95 MP: 26/26
 24708 | Spider:1 | Learned a level 6 spell: Dispersal
 24713 | Spider:1 | Learned a level 4 spell: Passage of Golubria
 24836 | Spider:1 | Identified the +2 robe "Koaj" {rF++} (Okawaru gifted it to
                  | you on level 1 of the Spider Nest)
 24836 | Spider:1 | Received a gift from Okawaru
 24917 | Spider:1 | Reached skill level 1 in Translocations
 24932 | Spider:1 | Reached skill level 1 in Spellcasting
 25687 | Spider:1 | Noticed Roxanne
 25708 | Spider:1 | Killed Roxanne
 25711 | Spider:1 | Reached skill level 5 in Translocations
 25868 | Spider:2 | Noticed Arachne
 25880 | Spider:2 | Killed Arachne
 26353 | Spider:2 | Reached skill level 5 in Spellcasting
 26472 | Spider:2 | Noticed Agnes
 26478 | Spider:2 | Killed Agnes
 27146 | Spider:3 | Noticed Bai Suzhen
 27156 | Spider:3 | Killed Bai Suzhen
 27853 | Spider:4 | Entered Level 4 of the Spider Nest
 27858 | Spider:4 | Noticed Mlioglotl
 27901 | Spider:4 | Reached skill level 10 in Translocations
 27933 | Spider:4 | Noticed a lich
 27967 | Arena    | Entered the Arena
 27969 | Arena    | Noticed a bone dragon
 27973 | Arena    | Killed Mlioglotl
 28150 | Spider:4 | Identified the +0 robe of the Barracuda {rElec MP+9 Int+2
                  | SInv} (Okawaru gifted it to you on level 4 of the Spider
                  | Nest)
 28150 | Spider:4 | Received a gift from Okawaru
 29461 | Spider:4 | Identified the +0 pair of gloves of Sodaetau {Harm rPois}
 29468 | Spider:4 | Got a gossamer rune of Zot
 29620 | Swamp:1  | Entered Level 1 of the Swamp
 29678 | Swamp:1  | Reached XP level 19. HP: 99/99 MP: 32/32
 29707 | Swamp:1  | Found Banaas's Island Escapes.
 29726 | Swamp:1  | Reached skill level 15 in Translocations
 30704 | Swamp:2  | Noticed Donald
 30770 | Swamp:2  | Killed Donald
 30906 | Swamp:2  | Received a gift from Okawaru
 31281 | Swamp:3  | Noticed Jorgrun
 31287 | Swamp:3  | Killed Jorgrun
 31560 | Swamp:4  | Entered Level 4 of the Swamp
 31805 | Swamp:4  | Identified the +6 rapier "Vipucs" {distort, rPois rCorr}
 31979 | Swamp:4  | Received a gift from Okawaru
 32417 | Swamp:4  | Reached skill level 20 in Stealth
 32848 | Swamp:4  | Got a decaying rune of Zot
 33127 | Elf:1    | Entered Level 1 of the Elven Halls
 33363 | Elf:1    | You fall into a shaft and drop 1 floor!
 33363 | Elf:2    | Found a huge runed translucent gate.
 33365 | Elf:2    | Noticed Zenata
 33417 | Elf:2    | Found a huge runed translucent gate.
 33417 | Elf:2    | Found a huge runed translucent gate.
 33418 | Elf:2    | Found a huge runed translucent gate.
 33419 | Elf:2    | Found a huge runed translucent gate.
 33713 | Elf:1    | Found Zom Nu Qol's Book Boutique.
 34133 | Elf:1    | Bought an Inescapable Atlas for 448 gold pieces
 34136 | Elf:1    | Learned a level 2 spell: Blink
 34343 | Elf:2    | Identified the +4 sling of the Sea {drain, +Blink rF+++ rN+
                  | Will-} (Okawaru gifted it to you on level 2 of the Elven
                  | Halls)
 34343 | Elf:2    | Received a gift from Okawaru
 34351 | Elf:2    | Found an ancient bone altar of Kikubaaqudgha.
 34777 | Elf:2    | Reached XP level 20. HP: 106/106 MP: 33/33
 34808 | Elf:2    | HP: 1/106 [+6 glaive of venom[Zenata] (30)]
 34808 | Elf:2    | Slain by a +6 glaive of freezing

Illustrated notes

Levels and vault maps discovered:
D:1:      erik_arrival_cave_to_civilisation [erik_arrival_cave_to_temple],
          layout_basic
D:2:      layout_basic, serial_shops, shop, uniq_sigmund
D:3:      layout_loops_ring, nicolae_overflow_crystal_walls,
          mainiacjoe_overflow_small_starburst, evilmike_ruin_ashenzari,
          hellmonk_ecumenical_altar_defaced_shrine, portal_sewer_entry_b,
          serial_shops, shop, ebering_ghost_sewer_d, uniq_terence, uniq_jessica
D:4:      layout_basic, minmay_temple_entry_butterflies
D:5:      layout_gridville, minivault_14
D:6:      layout_loops_ring, lightli_church_of_beogh, uniq_pikel, uniq_maggie,
          uniq_eustachio
D:7:      layout_basic, fedhas_altar_3, serial_bayou_pond_b, uniq_menkaure
D:8:      layout_cave_pools, lemuel_zombie_altar_yredelemnul,
          nicolae_ossuary_entry_monument, nicolae_looking_at_the_future
D:9:      gammafunk_indiana_jones, layout_loops_ring, old_standard_altar,
          serial_shops, kennysheep_mini, shop, nicolae_stop_n_shop_1,
          nicolae_shop_overgrown_old_shop, uniq_joseph, uniq_psyche
D:10:     layout_cave_pods, general_overflow_altar,
          mainiacjoe_overflow_concentric_impassable, minivault_16
D:11:     layout_roguey, david_lair_shrubbed, kennysheep_crisscross,
          grunt_ministairs_10, onia_ninara_cookie
D:12:     wad_arrow_thing, layout_irregular_city, orc_david_3,
          gauntlet_entry_generic, roderic_roman_lattice,
          nicolae_gozag_cash_rules_everything_around_me
D:13:     layout_cross, lightli_vaults_fourway_checkpoint, serial_column_ruins,
          column_ruins_temple_hall, column_ruins_square_medium,
          column_ruins_columns_dead_end, column_ruins_grid_3,
          column_ruins_open_small, column_ruins_open_tiny_water,
          column_ruins_grid_3, column_ruins_open_tiny,
          nicolae_trove_entry_crossroad, uniq_maurice
D:14:     layout_rooms, columned_hall_lemuel,
          portal_ice_cave_entry_ice_simulacra
D:15:     gammafunk_depths_entry_grave, layout_gridville, chequers_garden,
          serial_shops, shop
Temple:   nicolae_temple_superstar
Lair:1:   layout_chaotic_city, gammafunk_ghost_cemetery,
          nicolae_volcano_entry_lava_flow
Lair:2:   layout_regular_city, swamp_mist, spider_nest_entry_funnel_web,
          grunt_megastairs_5
Lair:3:   nzn_winding_woodlands_stair_cross
          [nzn_winding_woodlands_5x15_concentric,
          nzn_winding_woodlands_center_triple_pond,
          nzn_winding_woodlands_5x15_zeroes,
          nzn_winding_woodlands_5x5_open_star, nzn_winding_woodlands_5x5_three,
          nzn_winding_woodlands_5x15_crooked,
          nzn_winding_woodlands_center_pierced_h,
          nzn_winding_woodlands_5x15_parted], layout_misc_corridors,
          basic_altar, lemuel_fruit_tree
Lair:4:   layout_hall_layers, slime_entry_1, beast_lair_carwin_9,
          lemuel_fruit_fields
Lair:5:   hangedman_lair_caniforms_friends, layout_misc_corridors,
          minmay_hedge_maze, uniq_rupert
Swamp:1:  layout_basic_swamp, hangedman_swamp_ruin_hall, nicolae_island_escapes
Swamp:2:  layout_basic_swamp, nicolae_swamp_dense_foliage, uniq_donald
Swamp:3:  layout_basic_swamp, evilmike_swamp_ruin_house_4,
          infiniplex_staircase_pool_2, uniq_jorgrun
Swamp:4:  grunt_swamp_rune_castle, layout_basic_swamp, swamp_pool2
Spider:1: layout_cave_pods, uniq_roxanne
Spider:2: layout_spider_delve, drop_trap, uniq_agnes, uniq_arachne
Spider:3: layout_cave_pods, nicolae_spider_webbed_stairs, uniq_bai_suzhen
Spider:4: spider_rune_water, hangedman_spider_tarantella_strand, uniq_mlioglotl
Orc:1:    layout_diamond_mine, serial_shops, shop, shop, shop_fountains,
          shop_statue
Orc:2:    st_orc_town, layout_caves, basic_altar, mines4_lemuel
Elf:1:    nicolae_elf_arrival_aired_out, layout_rooms, serial_shops,
          nicolae_lakefront_shop, serial_corexii_hall, corexii_hall_statues_l,
          corexii_hall_statues_u, minmay_elf_demonology,
          nicolae_elf_archery_training
Elf:2:    elven_hall_of_blades_hangedman_alternative
          [nicolae_blade_entry_floor_patterns], layout_geoelf_diagonals,
          basic_altar, uniq_zenata

Skill      XL: |  1  2  3  4  5  6  7  8  9 10 11 12 13 14 15 16 17 18 19 |
---------------+----------------------------------------------------------+-----
Stealth        | 2 4 5 6 8 10 11 13 15 16 18 19 20 | 20.7
Dodging        | 3 4 5 6 7 8 10 11 13 14 16 17 | 17.9
Fighting       | 2 3 4 5 6 7 8 9 10 11 | 11.9
Ranged Weapons | 5 6 7 8 10 11 13 14 16 18 19 | 19.4
Shields        | 4 6 7 8 |  8.3
Invocations    | 4 10 11 | 11.0
Evocations     | 4 10 11 | 11.0
Translocations | 14 16 | 16.0
Spellcasting   | 8 |  8.0

Action                   |  1- 3 |  4- 6 |  7- 9 | 10-12 | 13-15 | 16-18 | 19-21 || total
-------------------------+-------+-------+-------+-------+-------+-------+-------++-------
 Fire: Shortbow          |   123 |    93 |   544 |   378 |       |       |       ||  1138
       Arbalest          |       |       |       |   439 |   354 |       |       ||   793
       Hand crossbow     |       |       |       |       |   394 |  1372 |   530 ||  2296
 Cast: Dispersal         |       |       |       |       |       |       |     2 ||     2
       Passage of Golubr |       |       |       |       |       |       |     1 ||     1
       Blink             |       |       |       |       |       |       |     1 ||     1
Invok: Duel              |       |       |       |       |       |     1 |       ||     1
 Abil: Evoke Blink       |       |       |       |       |       |     3 |       ||     3
  Use: Scroll            |     1 |       |    12 |    15 |     4 |     4 |     4 ||    40
       Potion            |       |       |     1 |     1 |     5 |     2 |     2 ||    11
Armor: Robe              |     1 |     3 |    23 |    45 |    30 |    29 |    22 ||   153
Dodge: Dodged            |    23 |    17 |   198 |   704 |   370 |   780 |   335 ||  2427
Block: Buckler           |       |       |       |       |   139 |   492 |   238 ||   869
       Reflection        |       |       |       |       |       |    13 |    31 ||    44

Table legend: (Time is in decaauts)
 A = Elapsed time spent in this place.
 B = Non-inter-level travel time spent in this place.
 C = Inter-level travel time spent in this place.
 D = Time resting spent in this place.
 E = Time spent auto-exploring this place.
 F = Levels seen in this place.
 G = Mean time per level.
                   A        B        C        D        E       F      G
               +--------+--------+--------+--------+--------+-----+--------+
         Total |  25979 |  24589 |   1390 |   1317 |  15627 |  40 |  649.5 |
       Dungeon |  11483 |  10945 |    538 |    587 |   7101 |  15 |  765.5 |
        Temple |    123 |    117 |      6 |     65 |     38 |   1 |  123.0 |
          Lair |   3610 |   3308 |    302 |    246 |   1929 |   5 |  722.0 |
         Swamp |   2620 |   2480 |    140 |     14 |   1838 |   4 |  655.0 |
   Spider Nest |   3811 |   3658 |    153 |    220 |   2481 |   4 |  952.8 |
  Orcish Mines |   1397 |   1238 |    159 |    138 |    726 |   2 |  698.5 |
   Elven Halls |   1221 |   1131 |     90 |      0 |    806 |   2 |  610.5 |
         Trove |     36 |     36 |      0 |      0 |     17 |   1 |   36.0 |
         Sewer |    322 |    322 |      0 |      0 |    159 |   1 |  322.0 |
       Ossuary |    188 |    188 |      0 |      0 |     69 |   1 |  188.0 |
      Ice Cave |    510 |    510 |      0 |     47 |    226 |   1 |  510.0 |
       Volcano |    215 |    215 |      0 |      0 |    113 |   1 |  215.0 |
      Gauntlet |    409 |    409 |      0 |      0 |    114 |   1 |  409.0 |
         Arena |     29 |     29 |      0 |      0 |      4 |   1 |   29.0 |
               +--------+--------+--------+--------+--------+-----+--------+

Top non-repeatable levels by time:
     D:6: 1502 daAuts
Spider:4: 1407 daAuts
    D:11: 1136 daAuts
 Swamp:4: 936 daAuts
Spider:1: 932 daAuts
     D:1: 928 daAuts
     D:7: 925 daAuts
    D:12: 902 daAuts
  Lair:5: 891 daAuts
   Orc:2: 864 daAuts
Spider:2: 852 daAuts
     D:9: 831 daAuts
  Lair:4: 792 daAuts
  Lair:2: 771 daAuts
   Elf:1: 741 daAuts
